 Dungeon Crawl Stone Soup version 0.32-a0-450-g080537f31e (webtiles) character file.

Game seed: 9212547800364010328

4 Aneyh the Slasher (level 1, 0/14 HPs)
             Began as a Tengu Monk on Feb 23, 2024.
             Frozen to death by an endoplasm (4 damage)
             ... on level 1 of the Dungeon.
             The game lasted 00:00:19 (183 turns).

Aneyh the Slasher (Tengu Monk)                       Turns: 183, Time: 00:00:20

Health: 0/14       AC:  5    Str: 11    XL:     1   Next: 60%
Magic:  2/2        EV: 11    Int: 10    God:
Gold:   0          SH:  0    Dex: 16    Spells: 0/0 levels left

rFire   . . .        a - +0 falchion
rCold   . . .        (no shield)
rNeg    . . .        f - +0 ring mail
rPois   .            (helmet restricted)
rElec   .            (no cloak)
rCorr   .            (no gloves)
SInv    .            (boots unavailable)
Will    .....        (no amulet)
Stlth   +            (no ring)
HPRegen 0.22/turn    (no ring)
MPRegen 0.08/turn

%: acrobat
@: no status effects
A: beak, talons 3, acrobatic
a: no special abilities


You were on level 1 of the Dungeon.
You visited 1 branch of the dungeon, and saw 1 of its levels.

Inventory:

Hand Weapons
 a - a +0 falchion (weapon)
Armour
 b - a +0 robe
 d - an orb of light
 f - a +0 ring mail (worn)
Scrolls
 e - a scroll of blinking {unknown}
 h - a scroll of revelation {unknown}
Potions
 c - a potion of ambrosia
 g - a potion of might {unknown}


   Skills:
 - Level 3.0 Fighting
 + Level 3.6 Long Blades
 - Level 3.2 Dodging


You couldn't memorise any spells.
You didn't know any spells.
Your spell library contained the following spells:

 Spells                   Type           Power      Damage    Failure   Level
 Sublimation of Blood     Necr           0%         N/A       80%         2
 Petrify                  Alch/Erth      0%         N/A       100%        4
 Irradiate                Conj/Alch      0%         3d11      100%        5


Dungeon Overview and Level Annotations

Branches:
Dungeon (1/15)

Altars:


Innate Abilities, Weirdness & Mutations

You have a beak for a mouth.
You have claws for feet.
You can magically evade attacks while moving or waiting.


Message History

The dart slug launches a dart at you. The slug dart hits you.
You are too injured to fight recklessly!
You are too injured to fight recklessly!
You hit the dart slug.
You kill the dart slug!
You see here a flux talisman.
g - a glowing silvery potion
There are no items here.
You start resting.
HP restored.
h - a scroll labelled SUS SAZXOTIPN
Found a stone staircase leading down.
No target in view!
There is a stone staircase leading down here.
Found a stone staircase leading down.
No target in view!
No target in view!
No target in view!
There is a stone staircase leading down here.
You pick up a book of Transmutation and begin reading...
You add the spells Sublimation of Blood, Petrify and Irradiate to your library.
An endoplasm comes into view.
The endoplasm quivers.
The endoplasm freezes you.
You are frozen.
An endoplasm is nearby!
You hit the endoplasm.
The endoplasm is almost dead.
The endoplasm hits you. The endoplasm freezes you.
You are frozen.
* * * LOW HITPOINT WARNING * * *
You are too injured to fight recklessly!
You are too injured to fight recklessly!
You hit the endoplasm but do no damage. Your peck misses the endoplasm.
The endoplasm is almost dead.
The endoplasm freezes you.
You are frozen.
You die...

#####...##...#####....>.#
#.....#..[.....####..##
#.....####.###.# #...#
#.....####.# #.# #...#
##...## ...# #.# #...#
##### #.###.####...#
#............#
##.##.####.#.# ###@##.##
#.#.# #.J.....###.#.#
#.#####.##....# #.
#.......# . #.##...## ##
#.#...## #.#.### ..#.#
###.#


You could see an endoplasm.

Vanquished Creatures
  A dart slug (D:1)
  An endoplasm (D:1)
2 creatures vanquished.

Notes
Turn   | Place    | Note
-------+----------+-------------------------------------------
     0 | D:1      | Aneyh the Tengu Monk began the quest for the Orb.
     0 | D:1      | Reached XP level 1. HP: 14/14 MP: 2/2
   183 | D:1      | Frozen to death by an endoplasm

Illustrated notes

Levels and vault maps discovered:
D:1:      noname_arrival_rooms_in_the_neighbourhood, layout_loops_ring,
          hellmonk_ecumenical_altar_slurped_away, minmay_gold_behind_fungi,
          st_stairs_11

Action                     || total
---------------------------++-------
  Melee: Falchion          ||     7
         Peck              ||     2
         Kick              ||     1
 Armour: Ring mail         ||     3
  Dodge: Dodged            ||     3

Table legend: (Time is in decaauts)
 A = Elapsed time spent in this place.
 B = Non-inter-level travel time spent in this place.
 C = Inter-level travel time spent in this place.
 D = Time resting spent in this place.
 E = Time spent auto-exploring this place.
 F = Levels seen in this place.
 G = Mean time per level.
                   A        B        C        D        E       F      G
               +--------+--------+--------+--------+--------+-----+--------+
         Total |    184 |    184 |      0 |     23 |    107 |   1 |  184.0 |
       Dungeon |    184 |    184 |      0 |     23 |    107 |   1 |  184.0 |
               +--------+--------+--------+--------+--------+-----+--------+

Top non-repeatable levels by time:
     D:1: 184 daAuts
